PCL
NASHVILLE SOUNDS @ OKLAHOMA REDHAWKS
06/10/2004
 
TOP OF THE 1ST
Nashville Sounds batting - Pitching for Oklahoma RedHawks : LHP Frank Brooks
Pitching: LHP Frank Brooks
Batting: RHB Todd Donovan 0-0: Called Strike
0-1: Foul Ball, location: 5F
0-2: Foul Ball, location: 5F
0-2: Strikes out looking
Batting: RHB Josue Gonzalez 0-0: Ball
1-0: Swinging Strike
1-1: Ball
2-1: Ball
3-1: Base on Balls
Batting: LHB Casey Kotchman 0-0: Ball
1-0: Ball
2-0: Fielders Choice at 2nd, 4-6 (Groundball, 4M, EV 83.8 MPH)
Batting: LHB Mark Teahen 0-0: Called Strike
0-1: Called Strike
0-2: Foul Ball, location: 2F
0-2: Foul Ball, location: 2F
0-2: Ball
1-2: Foul Ball, location: 2F
1-2: Fielders Choice at 2nd, U6 (Groundball, 6M, EV 106.3 MPH)
Top of the 1st over - 0 runs, 0 hits, 0 errors, 1 left on base; Nashville 0 - Oklahoma 0
BOTTOM OF THE 1ST
Oklahoma RedHawks batting - Pitching for Nashville Sounds : RHP Bear Bay
Pitching: RHP Bear Bay
Batting: RHB Jamal Strong 0-0: Called Strike
0-1: Ball
1-1: Ball
2-1: Ground out U3 (Groundball, 34, EV 103.1 MPH)
Batting: RHB Tony Diaz 0-0: Ball
1-0: Fly out, F3 (Line Drive, 3, EV 64.4 MPH)
Batting: RHB Jorge Villagomez 0-0: Ball
1-0: Ball
2-0: Foul Ball, location: 2LF
2-1: Ball
3-1: Base on Balls
Batting: RHB Ryan Shealy 0-0: Swinging Strike
0-1: Swinging Strike
0-2: Ball
1-2: Ball
2-2: Foul Ball, location: 23F
2-2: Foul Ball, location: 2RF
2-2: Foul Ball, location: 5F
2-2: Ball
3-2: Foul Ball, location: 23F
3-2: SINGLE (Line Drive, 6MD, EV 95.0 MPH)
Jorge Villagomez to second
Jorge Villagomez to third
Batting: LHB Alejandro Gutierrez 0-0: Ball
1-0: Reached on error, E3 (Line Drive, 3D, EV 68.1 MPH)
Jorge Villagomez scores
Ryan Shealy to second
Batting: RHB Lastings Milledge 0-0: Ball
1-0: Swinging Strike
1-1: Swinging Strike
1-2: Ball
2-2: Foul Ball, location: 2F
2-2: Foul Ball, location: 23F
2-2: Foul Ball, location: 7LDF
2-2: Foul Ball, location: 5F
2-2: Ball
3-2: Base on Balls
Ryan Shealy to third
Alejandro Gutierrez to second
Batting: RHB Salvador Ayala 0-0: Fielders Choice at 2nd, 5-4 (Groundball, 56, EV 81.9 MPH)
Bottom of the 1st over - 1 run, 1 hit, 1 error, 3 left on base; Nashville 0 - Oklahoma 1
TOP OF THE 2ND
Nashville Sounds batting - Pitching for Oklahoma RedHawks : LHP Frank Brooks
Batting: RHB Jesse Gutierrez 0-0: Foul Ball, location: 7LDF
0-1: Called Strike
0-2: Strikes out swinging
Batting: LHB Adrian Mendoza 0-0: Called Strike
0-1: Ball
1-1: Ball
2-1: Foul Ball, location: 9LDF
2-2: SINGLE (Groundball, 6MD, EV 100.6 MPH)
Batting: LHB Terrmel Sledge 0-0: Ball
1-0: Ball
2-0: Ball
3-0: Base on Balls
Adrian Mendoza to second
Batting: SHB Brayan Pena 0-0: Ball
1-0: Fly out, F9 (Flyball, 9S, EV 86.9 MPH)
Batting: LHB Andrew Salvo 0-0: Called Strike
0-1: Foul Ball, location: 2F
0-2: Strikes out swinging
Top of the 2nd over - 0 runs, 1 hit, 0 errors, 2 left on base; Nashville 0 - Oklahoma 1
BOTTOM OF THE 2ND
Oklahoma RedHawks batting - Pitching for Nashville Sounds : RHP Bear Bay
Batting: RHB Travis Chapman 0-0: Swinging Strike
0-1: Ground out 4-3 (Groundball, 4, EV 83.8 MPH)
Batting: RHB Jamie D'Antona 0-0: SINGLE (Line Drive, 4D, EV 95.6 MPH)
Batting: RHB Jamal Strong 0-0: Ball
1-0: Ball
2-0: Ball
3-0: Called Strike
3-1: Foul Ball, location: 23F
3-2: SINGLE (Line Drive, 89S, EV 86.9 MPH)
Jamie D'Antona to second
Batting: RHB Tony Diaz 0-0: Ball
1-0: Fly out, F2 (Popup, 23F, EV 81.9 MPH)
Batting: RHB Jorge Villagomez 0-0: Called Strike
0-1: Foul Ball, location: 25F
0-2: Fly out, F9 (Flyball, 9, EV 96.3 MPH)
Bottom of the 2nd over - 0 runs, 2 hits, 0 errors, 2 left on base; Nashville 0 - Oklahoma 1
TOP OF THE 3RD
Nashville Sounds batting - Pitching for Oklahoma RedHawks : LHP Frank Brooks
Batting: RHB Todd Donovan 0-0: Ball
1-0: Ball
2-0: SINGLE (Groundball, 4D, EV 96.9 MPH)
Batting: RHB Josue Gonzalez 0-0: Foul Ball, location: 2F
0-1: Ball
1-1: SINGLE (Groundball, 6MD, EV 107.5 MPH)
Todd Donovan to second
DELAY Rain delay of 58 minutes in the 3rd inning.
Batting: LHB Casey Kotchman 0-0: Ball
1-0: Called Strike
1-1: Called Strike
1-2: Foul Ball, location: 2F
1-2: Foul Ball, location: 25F
1-2: Foul Ball, location: 2F
1-2: Ball
2-2: Ball
3-2: SINGLE (Groundball, P, EV 85.6 MPH) (infield hit)
Todd Donovan to third
Josue Gonzalez to second
Batting: LHB Mark Teahen 0-0: Fly out, F8 (Line Drive, 8LM, EV 105.6 MPH)
Runner from 3rd tags up, SCORES, no throw by CF
Batting: RHB Jesse Gutierrez 0-0: Ball
1-0: Ball
2-0: Called Strike
2-1: Foul Ball, location: 9LSF
2-2: Ball
3-2: Foul Ball, location: 9LSF
3-2: Foul Ball, location: 2LF
3-2: SINGLE (Line Drive, 7S, EV 98.8 MPH)
Josue Gonzalez to third
Casey Kotchman to second
Batting: LHB Adrian Mendoza 0-0: Called Strike
0-1: Fly out, F8 (Flyball, 78M, EV 90.6 MPH)
Batting: LHB Terrmel Sledge 0-0: Ball
1-0: DOUBLE (Groundball, 5L, EV 98.8 MPH)
Josue Gonzalez scores
Casey Kotchman scores
Jesse Gutierrez to third
Batting: SHB Brayan Pena 0-0: Called Strike
0-1: Called Strike
0-2: Foul Ball, location: 2F
0-2: Foul Ball, location: 9LSF
0-2: Ball
Wild Pitch!
Jesse Gutierrez scores
Terrmel Sledge to third
1-2: Foul Ball, location: 5FF
1-2: Strikes out swinging
Top of the 3rd over - 4 runs, 5 hits, 0 errors, 1 left on base; Nashville 4 - Oklahoma 1
BOTTOM OF THE 3RD
Oklahoma RedHawks batting - Pitching for Nashville Sounds : RHP Bear Bay
Batting: RHB Ryan Shealy 0-0: Called Strike
0-1: Fly out, F2 (Popup, 23F, EV 81.3 MPH)
Batting: LHB Alejandro Gutierrez 0-0: Called Strike
0-1: SINGLE (Groundball, P, EV 88.8 MPH) (infield hit)
Batting: RHB Lastings Milledge 0-0: Swinging Strike
0-1: Ball
1-1: Swinging Strike
1-2: Ball
Passed Ball!
Alejandro Gutierrez to second
2-2: Fly out, F9 (Line Drive, 9, EV 98.1 MPH)
Batting: RHB Salvador Ayala 0-0: Ball
1-0: Called Strike
1-1: Ball
2-1: 2-RUN HOME RUN (Flyball, 89XD, EV 106.9 MPH), Distance : 393 ft
Batting: RHB Travis Chapman 0-0: Called Strike
0-1: SOLO HOME RUN (Flyball, 89XD, EV 105.0 MPH), Distance : 409 ft
Batting: RHB Jamie D'Antona 0-0: Ball
1-0: Fly out, F9 (Line Drive, 9, EV 90.6 MPH)
Bottom of the 3rd over - 3 runs, 3 hits, 0 errors, 0 left on base; Nashville 4 - Oklahoma 4
TOP OF THE 4TH
Nashville Sounds batting - Pitching for Oklahoma RedHawks : LHP Frank Brooks
Batting: LHB Andrew Salvo 0-0: Ball
1-0: Foul Ball, location: 2F
1-1: Swinging Strike
1-2: Foul Ball, location: 5F
1-2: Ball
2-2: Ball
3-2: Foul Ball, location: 7LDF
3-2: SINGLE (Groundball, 56D, EV 101.9 MPH)
Batting: RHB Todd Donovan 0-0: Ball
1-0: Ball
2-0: Fielders Choice at 2nd, 4-6 (Groundball, 34, EV 83.1 MPH)
Batting: RHB Josue Gonzalez 0-0: Called Strike
Todd Donovan steals 2nd base
0-1: Fly out, F5 (Line Drive, 5L, EV 71.9 MPH)
Batting: LHB Casey Kotchman 0-0: Called Strike
0-1: Ball
1-1: Ball
2-1: Ball
3-1: Called Strike
3-2: Ground out U3 (Groundball, 34S, EV 83.8 MPH)
Top of the 4th over - 0 runs, 1 hit, 0 errors, 1 left on base; Nashville 4 - Oklahoma 4
BOTTOM OF THE 4TH
Oklahoma RedHawks batting - Pitching for Nashville Sounds : RHP Bear Bay
Batting: RHB Jamal Strong 0-0: Called Strike
0-1: SINGLE (Groundball, 4D, EV 101.3 MPH)
Batting: RHB Tony Diaz 0-0: Ball
1-0: Called Strike
Jamal Strong steals 2nd base
1-1: Foul Ball, location: 23F
1-2: Ball
Wild Pitch!
Jamal Strong to third
2-2: DOUBLE (Groundball, 5L, EV 102.5 MPH)
Jamal Strong scores
Pitching: RHP Chris Schutt
Batting: RHB Jorge Villagomez 0-0: Ball
1-0: DOUBLE (Line Drive, 89D, EV 110.0 MPH)
Tony Diaz scores
Batting: RHB Ryan Shealy 0-0: Ball
1-0: Called Strike
1-1: Swinging Strike
1-2: Foul Ball, location: 2F
1-2: Foul Ball, location: 3SF
1-2: Ball
2-2: Ball
3-2: Strikes out swinging
Batting: LHB Alejandro Gutierrez 0-0: Ball
1-0: Called Strike
1-1: Ground out 3-1 (Groundball, 34, EV 103.8 MPH)
Jorge Villagomez to third
Batting: RHB Lastings Milledge 0-0: SINGLE (Groundball, 34D, EV 95.6 MPH)
Jorge Villagomez scores
Batting: RHB Salvador Ayala 0-0: Swinging Strike
0-1: Called Strike
0-2: Ball
1-2: Ground out 4-3 (Groundball, 4, EV 100.0 MPH)
Bottom of the 4th over - 3 runs, 4 hits, 0 errors, 1 left on base; Nashville 4 - Oklahoma 7
TOP OF THE 5TH
Nashville Sounds batting - Pitching for Oklahoma RedHawks : LHP Frank Brooks
Batting: LHB Mark Teahen 0-0: Called Strike
0-1: Swinging Strike
0-2: Ball
1-2: Ball
2-2: Foul Ball, location: 25F
2-2: Strikes out swinging
Batting: RHB Jesse Gutierrez 0-0: Ball
1-0: Swinging Strike
1-1: Ball
2-1: Ball
3-1: SINGLE (Line Drive, 34D, EV 103.8 MPH)
Batting: LHB Adrian Mendoza 0-0: Called Strike
0-1: Ball
1-1: Foul Ball, location: 3F
1-2: Foul Ball, location: 2F
1-2: Strikes out swinging
Batting: LHB Terrmel Sledge 0-0: Ball
1-0: Fielders Choice at 2nd, 6-4 (Groundball, 6, EV 82.5 MPH)
Top of the 5th over - 0 runs, 1 hit, 0 errors, 1 left on base; Nashville 4 - Oklahoma 7
BOTTOM OF THE 5TH
Oklahoma RedHawks batting - Pitching for Nashville Sounds : RHP Chris Schutt
Batting: RHB Travis Chapman 0-0: Swinging Strike
0-1: Ball
1-1: Swinging Strike
1-2: Foul Ball, location: 2F
1-2: Strikes out swinging
Batting: RHB Jamie D'Antona 0-0: Called Strike
0-1: Called Strike
0-2: Foul Ball, location: 9LDF
0-2: Ball
1-2: Foul Ball, location: 2F
1-2: Ball
2-2: Strikes out swinging
Batting: RHB Jamal Strong 0-0: Ball
1-0: Swinging Strike
1-1: Foul Ball, location: 5FF
1-2: Ground out 5-3 (Groundball, 56S, EV 90.6 MPH)
Bottom of the 5th over - 0 runs, 0 hits, 0 errors, 0 left on base; Nashville 4 - Oklahoma 7
TOP OF THE 6TH
Nashville Sounds batting - Pitching for Oklahoma RedHawks : LHP Frank Brooks
Batting: SHB Brayan Pena 0-0: Ball
1-0: Called Strike
1-1: Ground out 6-3 (Groundball, 6, EV 80.0 MPH)
Pitching: RHP Matt Guerrier
Batting: LHB Andrew Salvo 0-0: Called Strike
0-1: Called Strike
0-2: Ball
1-2: Strikes out swinging
Batting: RHB Todd Donovan 0-0: Ball
1-0: Ball
2-0: Ball
3-0: Base on Balls
Batting: RHB Josue Gonzalez 0-0: Ball
1-0: Ball
Todd Donovan steals 2nd base (no throw)
2-0: Foul Ball, location: 5FF
2-1: Called Strike
2-2: Ball
3-2: Foul Ball, location: 2F
3-2: Foul Ball, location: 2F
3-2: Ground out 6-3 (Groundball, 6, EV 107.5 MPH)
Top of the 6th over - 0 runs, 0 hits, 0 errors, 1 left on base; Nashville 4 - Oklahoma 7
BOTTOM OF THE 6TH
Oklahoma RedHawks batting - Pitching for Nashville Sounds : RHP Chris Schutt
Batting: RHB Tony Diaz 0-0: Ball
1-0: Ball
2-0: DOUBLE (Line Drive, 89D, EV 109.4 MPH)
Batting: RHB Jorge Villagomez 0-0: Swinging Strike
0-1: Ball
1-1: Swinging Strike
1-2: Strikes out swinging
Pitching: RHP Dustin Nippert
Batting: RHB Ryan Shealy 0-0: Foul Ball, location: 25F
0-1: Called Strike
0-2: Strikes out swinging
Batting: LHB Alejandro Gutierrez 0-0: Ball
1-0: Ball
2-0: Foul Ball, location: 7LSF
2-1: DOUBLE (Line Drive, 9LM, EV 106.3 MPH)
Tony Diaz scores
Batting: RHB Lastings Milledge 0-0: Ball
1-0: Ball
2-0: Called Strike
2-1: Foul Ball, location: 9LDF
2-2: Ball
3-2: Foul Ball, location: 2F
3-2: Ground out U3 (Groundball, 3, EV 80.6 MPH)
Bottom of the 6th over - 1 run, 2 hits, 0 errors, 1 left on base; Nashville 4 - Oklahoma 8
TOP OF THE 7TH
Nashville Sounds batting - Pitching for Oklahoma RedHawks : RHP Matt Guerrier
Batting: LHB Casey Kotchman 0-0: Ball
1-0: Ball
2-0: Called Strike
2-1: Ball
3-1: Base on Balls
Batting: LHB Mark Teahen 0-0: SINGLE (Groundball, 4D, EV 98.1 MPH)
Casey Kotchman to second
Runner from 2nd tries for 3rd, SAFE, throw by RF made to third
Mark Teahen to second
Batting: RHB Jesse Gutierrez 0-0: Ground out 5-3 (Groundball, 5, EV 99.4 MPH)
Casey Kotchman scores
Batting: LHB Adrian Mendoza 0-0: 2-RUN HOME RUN (Flyball, 9D, EV 96.3 MPH), Distance : 367 ft
Pitching: RHP Mike Frick
Batting: LHB Terrmel Sledge 0-0: Foul Ball, location: 23F
0-1: Foul Ball, location: 23FF
0-2: Ball
1-2: Foul Ball, location: 3SF
1-2: Ball
2-2: Strikes out looking
Batting: SHB Brayan Pena 0-0: Ball
1-0: Ball
2-0: Called Strike
2-1: Ball
3-1: Called Strike
3-2: SINGLE (Groundball, 34D, EV 100.6 MPH)
Batting: LHB Andrew Salvo 0-0: Called Strike
0-1: Foul Ball, location: 7LSF
0-2: Ball
1-2: Foul Ball, location: 2F
1-2: Ball
2-2: Ball
3-2: Strikes out swinging
Top of the 7th over - 3 runs, 3 hits, 0 errors, 1 left on base; Nashville 7 - Oklahoma 8
BOTTOM OF THE 7TH
Oklahoma RedHawks batting - Pitching for Nashville Sounds : RHP Dustin Nippert
Batting: RHB Salvador Ayala 0-0: Ground out 4-3 (Groundball, 4, EV 99.4 MPH)
Batting: RHB Travis Chapman 0-0: Foul Ball, location: 2F
0-1: Called Strike
0-2: Foul Ball, location: 7LMF
0-2: Ball
1-2: Ball
2-2: Foul Ball, location: 9LDF
2-2: SOLO HOME RUN (Flyball, 89XD, EV 110.0 MPH), Distance : 419 ft
Batting: RHB Jamie D'Antona 0-0: Ball
1-0: Called Strike
1-1: Foul Ball, location: 9LDF
1-2: Foul Ball, location: 2F
1-2: Fly out, F9 (Line Drive, 9, EV 90.6 MPH)
Batting: RHB Jamal Strong 0-0: Ground out U3 (Groundball, 3S, EV 86.9 MPH)
Bottom of the 7th over - 1 run, 1 hit, 0 errors, 0 left on base; Nashville 7 - Oklahoma 9
TOP OF THE 8TH
Nashville Sounds batting - Pitching for Oklahoma RedHawks : RHP Mike Frick
Batting: RHB Todd Donovan 0-0: Ground out U3 (Groundball, 34S, EV 90.6 MPH)
Batting: RHB Josue Gonzalez 0-0: Ball
1-0: Called Strike
1-1: Ball
2-1: Called Strike
2-2: Fly out, F8 (Flyball, 78M, EV 75.6 MPH)
Pitching: RHP Dale Thayer
Batting: LHB Casey Kotchman 0-0: Ball
1-0: Foul Ball, location: 2F
1-1: Fly out, F8 (Line Drive, 8LD, EV 99.4 MPH)
Top of the 8th over - 0 runs, 0 hits, 0 errors, 0 left on base; Nashville 7 - Oklahoma 9
BOTTOM OF THE 8TH
Oklahoma RedHawks batting - Pitching for Nashville Sounds : RHP Dustin Nippert
Pitching: RHP Jarrett Gardner
Batting: RHB Tony Diaz 0-0: Ball
1-0: Ground out 6-3 (Groundball, 6, EV 86.3 MPH)
Batting: RHB Jorge Villagomez 0-0: Ball
1-0: Foul Ball, location: 2F
1-1: Called Strike
1-2: Ball
2-2: SOLO HOME RUN (Flyball, 9D, EV 95.6 MPH), Distance : 368 ft
Batting: RHB Ryan Shealy 0-0: Called Strike
0-1: Ball
1-1: Swinging Strike
1-2: Foul Ball, location: 5F
1-2: SOLO HOME RUN (Flyball, 8LXD, EV 111.9 MPH), Distance : 423 ft
Batting: LHB Alejandro Gutierrez 0-0: Ball
1-0: Foul Ball, location: 7LDF
1-1: Foul Ball, location: 5SF
1-2: Ground out 4-3 (Groundball, 34, EV 96.3 MPH)
Batting: RHB Lastings Milledge 0-0: Reached on error, E5 (Groundball, 56, EV 107.5 MPH)
Batting: RHB Salvador Ayala 0-0: Foul Ball, location: 9LMF
0-1: Ball
1-1: Fly out, F6 (Line Drive, 6, EV 64.4 MPH)
Bottom of the 8th over - 2 runs, 2 hits, 1 error, 1 left on base; Nashville 7 - Oklahoma 11
TOP OF THE 9TH
Nashville Sounds batting - Pitching for Oklahoma RedHawks : RHP Dale Thayer
Batting: LHB Mark Teahen 0-0: Ball
1-0: Ball
2-0: Ball
3-0: Fly out, F9 (Flyball, 9, EV 80.0 MPH)
Batting: RHB Jesse Gutierrez 0-0: Ground out 6-3 (Groundball, 6, EV 87.5 MPH)
Batting: LHB Adrian Mendoza 0-0: Reached on error, E4 (Groundball, 4, EV 83.1 MPH)
Batting: LHB Terrmel Sledge 0-0: Ball
1-0: Fielders Choice at 2nd, 6-4 (Groundball, 6, EV 82.5 MPH)
Top of the 9th over - 0 runs, 0 hits, 1 error, 1 left on base; Nashville 7 - Oklahoma 11
Friday, November 15th , 2024 - OOTP Baseball 25.9 Build 91